 Dungeon Crawl Stone Soup version 0.19-a0-1587-gaef70b6 (webtiles) character file.

25753 Ijustatesigmund the Jinx (level 12, -6/68 HPs)
             Began as a Deep Elf Wizard on Sept 14, 2016.
             Was the Champion of Cheibriados.
             Mangled by a minotaur skeleton (24 damage)
             ... in a labyrinth on Sept 16, 2016.
             The game lasted 02:00:15 (26297 turns).

Ijustatesigmund the Jinx (Deep Elf Wizard)         Turns: 26297, Time: 02:00:16

Health: -6/68      AC: 14    Str: 20    XL:     12   Next: 92%
Magic:  35/37      EV: 18    Int: 40    God:    Cheibriados [******]
Gold:   938        SH:  0    Dex: 31    Spells: 12 memorised, 1 level left

rFire  . . .     SeeInvis .     k - +8 short sword
rCold  . . .     Gourm    .     v - +1 robe {rN+}
rNeg   + . .     Faith    .     (no shield)
rPois  +         Spirit   .     (helmet restricted)
rElec  .         Dismiss  .     E - +1 cloak
rCorr  .         Reflect  .     N - +1 pair of gloves
MR     +....     Harm     .     e - +2 pair of boots
Stlth  ++++......               (no amulet)
                                S - ring of poison resistance
                                J - ring of magical power

@: repel missiles, very slow
A: antennae 1, icy blue scales 1, iridescent scales 1, mutation resistance 1
a: Bend Time, Temporal Distortion, Slouch, Step From Time, Renounce Religion


You were in a labyrinth.
You worshipped Cheibriados.
Cheibriados was exalted by your worship.
You were not hungry.

You visited 3 branches of the dungeon, and saw 17 of its levels.
You also visited: Labyrinth and Sewer.

You collected 1073 gold pieces.
You spent 135 gold pieces at shops.

Inventory:

Hand Weapons
 k - a +8 short sword (weapon)
 x - a +0 hand axe of flaming
 H - a +0 blowgun
Missiles
 l - 9 tomahawks (quivered)
 I - 51 poisoned needles
Armour
 e - a +2 pair of boots (worn)
 v - a +1 robe of positive energy (worn)
 D - a steam dragon hide
 E - a +1 cloak (worn)
 N - a +1 pair of gloves (worn)
Jewellery
 g - an uncursed ring of fire
 B - an uncursed ring of see invisible
 G - an uncursed ring of ice
 J - a ring of magical power (left hand)
 S - a ring of poison resistance (right hand)
Wands
 t - a wand of heal wounds (9/9)
 F - a wand of iceblast (10/15)
 K - a wand of paralysis (15/24)
 L - a wand of lightning (2/15)
 Q - a wand of slowing (19/48)
Scrolls
 a - a scroll of fog
 f - 2 scrolls of immolation
 h - 3 scrolls of fear
 j - 3 scrolls of recharging
 n - 7 scrolls of amnesia
 o - 6 scrolls of remove curse
 p - 5 scrolls of magic mapping
 q - 3 scrolls of teleportation
 y - 2 scrolls of blinking
 z - a scroll of summoning
Potions
 b - 2 potions of cure mutation
 c - 2 potions of lignification
 i - 4 potions of brilliance
 r - 5 potions of curing
 s - 2 potions of magic
 u - 3 potions of might
 w - 2 potions of cancellation
 M - 3 potions of heal wounds
 R - 3 potions of flight
Miscellaneous
 A - a phantom mirror
 O - a phial of floods
Comestibles
 d - 7 bread rations
 m - 10 meat rations
 C - 5 fruits


   Skills:
 + Level 5.2 Fighting
 - Level 5.5 Short Blades
 + Level 5.7 Dodging
 - Level 5.7 Stealth
 - Level 10.8 Spellcasting
 - Level 9.1 Conjurations
 - Level 12.0 Hexes
 - Level 1.1 Summonings
 + Level 3.4 Translocations
 - Level 7.5 Fire Magic
 - Level 4.4 Air Magic
 - Level 4.2 Poison Magic
 - Level 8.0 Invocations
 - Level 4.4 Evocations


You had one spell level left.
You knew the following spells:

 Your Spells              Type           Power        Failure   Level  Hunger
a - Magic Dart            Conj           ####         1%          1    None
b - Blink                 Tloc           N/A          1%          2    None
c - Repel Missiles        Chrm/Air       #####.       1%          2    None
d - Conjure Flame         Conj/Fire      ######..     1%          3    None
e - Mephitic Cloud        Conj/Pois/Air  ######..     1%          3    None
f - Apportation           Tloc           #####.....   1%          1    None
g - Summon Butterflies    Summ           ####....     1%          1    None
h - Dazzling Spray        Conj/Hex       ######       1%          3    None
i - Inner Flame           Hex/Fire       #######.     1%          3    None
j - Sticky Flame          Conj/Fire      ######..     1%          4    None
k - Ensorcelled Hibernat  Hex/Ice        ######       1%          2    None
l - Invisibility          Hex            #######.     1%          6    ###....


Dungeon Overview and Level Annotations

Branches:
Dungeon (11/15)            Temple (1/1) D:4            Lair (5/6) D:8
  Swamp (0/4) Lair:3       Spider (0/4) Lair:2        Slime (0/5) Lair:5
    Orc (0/2) D:9

Altars:
Ashenzari
Cheibriados
Dithmenos
Elyvilon
Fedhas
Gozag
Hepliaklqana
Kikubaaqudgha
Makhleb
Nemelex Xobeh
Okawaru
Qazlal
Ru
Sif Muna
Trog
Uskayaw
Vehumet
Xom
Yredelemnul
Zin
The Shining One
Jiyva

Shops:
D:11 *

Annotations:
D:10 Erica


Innate Abilities, Weirdness & Mutations

You have a pair of small antennae on your head.
You are partially covered in icy blue scales. (AC +2)
You are partially covered in iridescent scales. (AC +2)
You are somewhat resistant to further mutation.


Message History

The minotaur skeleton hits you! The minotaur skeleton gores you!
You puncture the minotaur skeleton!
The minotaur skeleton is moderately damaged.
The minotaur skeleton hits you but does no damage.
The minotaur skeleton gores you but does no damage.
You puncture the minotaur skeleton!
The minotaur skeleton is heavily damaged.
You puncture the minotaur skeleton!
The minotaur skeleton is severely damaged.
The minotaur skeleton misses you.
The minotaur skeleton closely misses you.
You puncture the minotaur skeleton!
The minotaur skeleton is severely damaged.
The minotaur skeleton hits you!
* * * LOW HITPOINT WARNING * * *
The minotaur skeleton barely misses you.
Casting: Dazzling Spray
Confirm with . or Enter, or press ? or * to list all spells.
You blink.
The minotaur skeleton hits you!!
You die...

## ##
########.# #
#...# #. .# #
.# .#.# #.
#.#.. .#
#.#.###.###.###
#.........#.#
#.#.#ยง#.#.## #
#Z#.#... #@#.#
.# #..[#. ..
#.#). # .
#.#.#.. .. #
..#.# ..#..
###.##


You could see a minotaur skeleton.

Vanquished Creatures
  2 hydras
  A catoblepas (Lair:2)
  A hill giant (D:11)
  4 black mambas
  The ghost of jacquesderrida the Ruffian, a novice VSWn (D:7)
  7 spiny frogs
  A rime drake (Lair:2)
  9 komodo dragons
  A troll (D:9)
  Grinder (D:6)
  11 blink frogs
  19 yaks
  3 basilisks
  2 hungry ghosts
  6 hippogriffs
  A steam dragon (D:7)
  Menkaure (D:4)
  10 water moccasins
  8 porcupines
  3 black bears
  A sky beast (D:8)
  A necrophage (D:7)
  An ice beast (D:8)
  A wasp (D:10)
  5 wolves (Lair:1)
  3 phantoms
  5 ogres
  9 crocodiles
  4 centaurs
  Blork the orc (D:6)
  3 big kobolds
  21 bullfrogs
  A wyvern zombie (D:10)
  A gnoll sergeant (D:8)
  An earth elemental (Lab)
  2 wyvern skeletons
  4 scorpions
  4 killer bees (D:9)
  10 wights
  5 crimson imps
  A bullfrog zombie (D:10)
  6 hounds
  8 orc priests
  3 centaur skeletons
  A centaur zombie (D:6)
  4 jellies
  A quasit (D:11)
  Crazy Yiuf (D:4)
  13 orc wizards
  4 bullfrog skeletons
  8 iguanas
  7 worker ants
  A killer bee zombie (D:10)
  An ogre skeleton (Lab)
  A hound zombie (D:8)
  2 hound skeletons
  2 worker ant zombies
  2 howler monkey zombies
  4 gnolls (D:8)
  A howler monkey skeleton (D:4)
  17 adders
  75 river rats
  4 shadow imps
  2 oozes
  An adder zombie (D:3)
  4 adder skeletons
  A worm (Lair:2)
  2 dart slugs
  6 leopard geckos
  36 orcs
  7 giant cockroaches
  15 goblins
  16 hobgoblins
  34 jackals
  6 quokkas
  17 ball pythons
  11 bats
  7 frilled lizards
  A giant cockroach zombie (D:5)
  A jackal skeleton (D:4)
  3 jackal zombies
  18 kobolds
  A leopard gecko skeleton (D:4)
  A quokka skeleton (D:4)
  A quokka zombie (D:8)
  41 rats
574 creatures vanquished.

Vanquished Creatures (collateral kills)
  An orc (D:8)
1 creature vanquished.

Vanquished Creatures (others)
  An adder (D:4)
  2 orcs (D:4)
  4 fungi
  2 plants (Lair:3)
9 creatures vanquished.

Grand Total: 584 creatures vanquished

Notes
Turn   | Place    | Note
-------+----------+-------------------------------------------
     0 | D:1      | Ijustatesigmund the Deep Elf Wizard began the quest for the Orb.
     0 | D:1      | Reached XP level 1. HP: 10/10 MP: 7/7
   282 | D:1      | Reached XP level 2. HP: 15/15 MP: 5/9
   792 | D:1      | Learned a level 2 spell: Blink
   795 | D:1      | Learned a level 2 spell: Repel Missiles
   982 | D:1      | Reached XP level 3. HP: 13/19 MP: 6/10
  1181 | D:1      | Reached skill level 1 in Short Blades
  2048 | D:2      | Found a blossoming altar of Fedhas.
  2153 | D:2      | Reached XP level 4. HP: 24/24 MP: 7/12
  2493 | D:3      | Found a glowing drain.
  2538 | Sewer    | Entered a sewer
  2603 | Sewer    | Reached skill level 1 in Fighting
  3107 | Sewer    | Reached XP level 5. HP: 29/29 MP: 6/13
  3213 | Sewer    | Learned a level 3 spell: Conjure Flame
  3217 | Sewer    | Learned a level 3 spell: Mephitic Cloud
  4078 | Sewer    | Reached XP level 6. HP: 28/35 MP: 1/14
  4443 | D:3      | Reached skill level 1 in Poison Magic
  4531 | D:3      | Reached skill level 1 in Air Magic
  4816 | D:3      | Found a shattered altar of Ashenzari.
  5308 | D:3      | Found a basalt altar of Yredelemnul.
  5598 | D:4      | Found a shimmering altar of Xom.
  5650 | D:4      | Found a runed door.
  5654 | D:4      | Noticed Crazy Yiuf
  5659 | D:4      | Killed Crazy Yiuf
  5659 | D:4      | Reached XP level 7. HP: 40/40 MP: 7/15
  5721 | D:4      | Noticed Menkaure
  5729 | D:4      | Killed Menkaure
  5922 | D:4      | Reached skill level 5 in Spellcasting
  6170 | D:4      | Found a staircase to the Ecumenical Temple.
  6178 | Temple   | Entered the Ecumenical Temple
  6311 | Temple   | Became a worshipper of Cheibriados the Contemplative
  6340 | D:5      | Entered Level 5 of the Dungeon
  7632 | D:4      | Reached * piety under Cheibriados
  7677 | D:4      | Upgraded the game from 0.19-a0-1553-g64c24c3 to 0.19-a0-1568-gdd01aac
  7684 | D:4      | Reached XP level 8. HP: 30/45 MP: 7/18
  8089 | D:6      | Learned a level 1 spell: Apportation
  8091 | D:6      | Learned a level 1 spell: Summon Butterflies
  8095 | D:6      | Learned a level 3 spell: Dazzling Spray
  8319 | D:7      | Reached skill level 1 in Hexes
  8373 | D:7      | Reached skill level 1 in Invocations
  8823 | D:7      | Noticed jacquesderrida's ghost (novice VSWn)
  8908 | D:6      | Reached skill level 2 in Hexes
  9258 | D:6      | Learned a level 3 spell: Inner Flame
  9270 | D:6      | Noticed Grinder
  9279 | D:6      | Paralysed by Grinder for 3 turns
  9292 | D:6      | Killed Grinder
  9292 | D:6      | Reached skill level 3 in Hexes
  9451 | D:6      | Noticed Blork the orc
  9468 | D:6      | Killed Blork the orc
  9821 | D:6      | Reached ** piety under Cheibriados
 10155 | D:6      | Reached skill level 5 in Stealth
 10362 | D:6      | Reached XP level 9. HP: 49/49 MP: 9/22
 10376 | D:6      | Gained mutation: You are partially covered in icy blue scales. (AC +2) [potion of mutation]
 10376 | D:6      | Gained mutation: You are partially covered in iridescent scales. (AC +2) [potion of mutation]
 10376 | D:6      | Gained mutation: You have a pair of small antennae on your head. [potion of mutation]
 10500 | D:7      | Found a sacrificial altar of Ru.
 10741 | D:7      | Killed jacquesderrida's ghost
 10833 | D:7      | Found a hazy altar of Hepliaklqana.
 10833 | D:7      | Found a glowing golden altar of the Shining One.
 11330 | D:7      | Reached skill level 5 in Dodging
 11497 | D:7      | Gained mutation: You are somewhat resistant to further mutation. [potion of beneficial mutation]
 11532 | D:7      | Learned a level 4 spell: Sticky Flame
 11940 | D:7      | Reached *** piety under Cheibriados
 12176 | D:8      | Reached skill level 5 in Conjurations
 12733 | D:8      | Reached **** piety under Cheibriados
 12873 | D:8      | Reached XP level 10. HP: 56/56 MP: 19/23
 13035 | D:8      | Found a staircase to the Lair.
 13535 | D:9      | Reached skill level 1 in Fire Magic
 13745 | D:9      | Reached skill level 4 in Hexes
 14167 | D:9      | Reached ***** piety under Cheibriados
 14254 | D:9      | Found a staircase to the Orcish Mines.
 14824 | D:10     | Entered Level 10 of the Dungeon
 15069 | D:10     | Reached skill level 5 in Hexes
 15676 | D:10     | Noticed Erica
 15878 | D:10     | Reached skill level 6 in Hexes
 17530 | D:11     | Noticed a hill giant
 17586 | D:11     | Killed a hill giant
 17720 | D:11     | Reached XP level 11. HP: 49/61 MP: 25/25
 17907 | D:11     | Reached skill level 5 in Invocations
 18470 | D:11     | Found Zeutzaeb's Assorted Antiques.
 18479 | D:11     | Bought a scroll of teleportation for 81 gold pieces
 18479 | D:11     | Bought a scroll of fog for 54 gold pieces
 18534 | D:11     | Noticed an eight-headed hydra
 18616 | D:11     | Killed an eight-headed hydra
 18867 | Lair:1   | Entered Level 1 of the Lair of Beasts
 18877 | Lair:1   | Learned a level 2 spell: Ensorcelled Hibernation
 18930 | Lair:1   | Reached skill level 5 in Short Blades
 19331 | Lair:1   | Found a shimmering altar of Xom.
 20142 | Lair:1   | Reached ****** piety under Cheibriados
 20142 | Lair:1   | Reached skill level 1 in Evocations
 21291 | Lair:2   | Reached skill level 5 in Fire Magic
 21555 | Lair:2   | Noticed a catoblepas
 21569 | Lair:2   | Killed a catoblepas
 21644 | Lair:2   | Reached XP level 12. HP: 64/68 MP: 17/27
 21751 | Lair:2   | Found a hole to the Spider Nest.
 21959 | Lair:2   | Reached skill level 10 in Spellcasting
 23132 | Lair:1   | Learned a level 6 spell: Invisibility
 23637 | Lair:3   | Reached skill level 7 in Hexes
 24298 | Lair:3   | Reached skill level 8 in Hexes
 24355 | Lair:3   | Found a staircase to the Swamp.
 24360 | Lair:3   | Noticed an eight-headed hydra
 24367 | Lair:3   | Killed an eight-headed hydra
 24584 | Lair:4   | Reached skill level 9 in Hexes
 24585 | Lair:4   | Upgraded the game from 0.19-a0-1568-gdd01aac to 0.19-a0-1587-gaef70b6
 24903 | Lair:4   | Reached skill level 10 in Hexes
 25016 | Lair:4   | Reached skill level 11 in Hexes
 25365 | Lair:4   | Reached skill level 12 in Hexes
 25451 | Lair:4   | Reached skill level 5 in Fighting
 25992 | Lair:5   | Found a labyrinth entrance.
 25992 | Lair:5   | Found a viscous altar of Jiyva.
 25992 | Lair:5   | Found a staircase to the Slime Pits.
 25995 | Lab      | Entered a labyrinth
 26297 | Lab      | Mangled by a minotaur skeleton

Vault maps used:
D:1:      dpeg_arrival_chambers_temple_mockup
D:2:      nicolae_overflow_crystal_walls, serial_undead, serial_undead_f,
          serial_undead_b, serial_undead_a, serial_undead_e
D:3:      marbit_many_paths, nicolae_ashenzari_panopticon, portal_sewer_entry_b,
          minmay_joined_circles
D:4:      first_bread, xom_confusion_cloud, uniq_menkaure,
          uniq_crazy_yiuf_cottage
D:6:      minmay_a_box_with_orc_wizards_in_it, uniq_blork_the_orc, uniq_grinder
D:7:      grunt_temple_overflow_open, nicolae_ru_path_of_blood
D:8:      lair_0_dummy
D:9:      orc_0_dummy
D:10:     uniq_erica
D:11:     serial_shops, shop, shop, nicolae_shop_overgrown_old_shop
Temple:   nicolae_temple_elliptical
Lair:1:   basic_altar, bh_autumn_forest_stairs
Lair:2:   nicolae_spider_entry_non_spiders, lemuel_fruit_fields
Lair:3:   minmay_swamp_entry_worms
Lair:4:   serial_bayou_shore_a
Lair:5:   slime_altar_1, nicolae_volcano_entry_batcave, lab_entry_generic,
          lookout_lair_type
Lab:      nicolae_lab_grate_2, nicolae_lab_t_cross, nicolae_lab_big_swirl,
          lab_hedge, nicolae_lab_arrow, nicolae_lab_stuck, nicolae_lab_do_over
Sewer:    sewer_minmay_w

Skill      XL: |  1  2  3  4  5  6  7  8  9 10 11 12 |
---------------+-------------------------------------+-----
Dodging        | 3 5 |  5.7
Conjurations   | 2 3 6 9 |  9.1
Short Blades   | 1 2 4 5 |  5.5
Fighting       | 1 2 4 5 |  5.2
Translocations | 2 3 |  3.4
Poison Magic   | 2 3 4 |  4.2
Air Magic      | 1 4 |  4.4
Spellcasting   | 5 7 8 9 10 | 10.8
Stealth        | 5 |  5.7
Hexes          | 3 6 12 | 12.0
Invocations    | 3 4 8 |  8.0
Fire Magic     | 4 5 7 |  7.5
Evocations     | 4 |  4.4
Summonings     | |  1.1

Action                   |  1- 3 |  4- 6 |  7- 9 | 10-12 || total
-------------------------+-------+-------+-------+-------++-------
Melee: Short sword       |    37 |    68 |   126 |   494 ||   725
Throw: Throwing net      |     1 |       |       |       ||     1
       Tomahawk          |       |     1 |    19 |     6 ||    26
 Cast: Magic Dart        |    92 |   211 |   464 |   840 ||  1607
       Repel Missiles    |     1 |       |     2 |     2 ||     5
       Blink             |       |     5 |     6 |    21 ||    32
       Mephitic Cloud    |       |     6 |    16 |    26 ||    48
       Conjure Flame     |       |       |    12 |     9 ||    21
       Sticky Flame      |       |       |     4 |    45 ||    49
       Inner Flame       |       |       |       |     2 ||     2
       Ensorcelled Hiber |       |       |       |    22 ||    22
       Dazzling Spray    |       |       |       |     5 ||     5
       Apportation       |       |       |       |     3 ||     3
       Invisibility      |       |       |       |     1 ||     1
Evoke: Wand              |       |       |    11 |     7 ||    18
  Use: Scroll            |     9 |     8 |    12 |    20 ||    49
       Potion            |       |     1 |     5 |     2 ||     8
 Stab: Sleeping          |       |     2 |     1 |    30 ||    33
       Confused          |       |     1 |       |    10 ||    11
       Distracted        |       |       |     2 |       ||     2
       Invisible         |       |       |       |     2 ||     2
  Eat: Chunk             |     4 |     5 |     1 |     6 ||    16
       Bread ration      |       |     2 |     2 |     1 ||     5
       Beef jerky        |       |       |     1 |     1 ||     2
       Fruit             |       |       |       |     9 ||     9
       Pizza             |       |       |       |     1 ||     1
Armor: Robe              |     8 |    38 |    54 |   147 ||   247
Dodge: Dodged            |    40 |   122 |   130 |   558 ||   850
       Deflected         |       |     2 |     3 |     5 ||    10
